 Dungeon Crawl Stone Soup version 0.28.0-53-g5a82cb258f (webtiles) character file.

Game seed: 741081948353953716

1795 DocClef the Cleaver (level 8, -3/56 HPs)
             Began as a Demonspawn Gladiator on July 6, 2022.
             Killed by divine providence
             ... invoked by an orc priest
              (16 damage)
             ... on level 6 of the Dungeon.
             The game lasted 00:05:31 (5726 turns).

DocClef the Cleaver (Demonspawn Gladiator)          Turns: 5726, Time: 00:05:32

Health: -3/56      AC:  8    Str: 18    XL:     8   Next: 83%
Magic:  8/8        EV: 11    Int: 11    God:
Gold:   244        SH:  0    Dex: 14    Spells: 7/7 levels left

rFire   + . .      SeeInvis +   y - +2 hand axe (elec)
rCold   . . .      Faith    .   (no shield)
rNeg    . . .      Spirit   .   A - +2 ring mail {rF+}
rPois   .          Reflect  .   (helmet restricted)
rElec   .          Harm     .   C - +0 cloak
rCorr   .          Rampage  .   (no gloves)
Will    +....                   (no boots)
Stlth   +.........              (no amulet)
HPRegen 0.18/turn               f - ring of see invisible
MPRegen 0.11/turn               n - ring of willpower

@: lethally poisoned (-3 -> -6), studying Staves
A: horns 1, demonic guardian 2, spiny 1, big brain 1
a: no special abilities


You were on level 6 of the Dungeon.
You visited 1 branch of the dungeon, and saw 6 of its levels.

You collected 244 gold pieces.

Inventory:

Hand Weapons
 a - a +0 war axe
 y - a +2 hand axe of electrocution (weapon)
Missiles
 d - 4 throwing nets (quivered)
Armour
 A - a +2 ring mail of fire resistance (worn)
 C - a +0 cloak (worn)
Jewellery
 f - a ring of see invisible (left hand)
 n - a ring of willpower (right hand)
Wands
 u - a wand of flame (9)
Scrolls
 b - 3 scrolls of identify {unknown}
 c - a scroll of fog {unknown}
 e - 6 scrolls of teleportation {unknown}
 h - 2 scrolls of enchant armour {unknown}
 k - a scroll of amnesia {unknown}
 p - a scroll of brand weapon {unknown}
 q - 4 scrolls of noise {unknown}
 r - a scroll of acquirement {unknown}
 v - a scroll of silence {unknown}
 x - a scroll of immolation {unknown}
Potions
 g - 2 potions of flight {unknown}
 i - a potion of brilliance {unknown}
 l - a potion of resistance {unknown}
 m - 2 potions of might {unknown}
 o - a potion of mutation {unknown}
 t - 2 potions of magic {unknown}
 w - 3 potions of curing {unknown}
 z - a potion of heal wounds {unknown}
 B - 2 potions of degeneration {unknown}


   Skills:
 - Level 2.0 Fighting
 + Level 10.8 Axes
 - Level 1.7 Throwing
 - Level 2.6 Dodging


You had 7 spell levels left.
You didn't know any spells.
Your spell library contained the following spells:

 Spells                   Type           Power      Damage    Failure   Level
 Portal Projectile        Hex/Tloc       0%         N/A       88%         3
 Blade Hands              Tmut           0%         N/A       100%        5
 Excruciating Wounds      Necr           0%         N/A       100%        5


Dungeon Overview and Level Annotations

Branches:
Dungeon (6/15)             Temple (0/1) D:5

Altars:
Kikubaaqudgha
Trog
Vehumet
Wu Jian
Zin

Shops:
D:3 (   D:5 (

Annotations:
D:3 exclusion: statue


Innate Abilities, Weirdness & Mutations

You have a pair of small horns on your head.
A demonic guardian rushes to your aid.
You are partially covered in sharp spines.
You have an unusually large brain. (Int +2)


Message History

You hit the adder but do no damage.
You feel sick. The adder misses you. The scorpion stings you.
You are more poisoned.
The scorpion poisons you!
You hit the scorpion.
You headbutt the scorpion, but do no damage.
The scorpion is severely wounded.
You barely miss the adder.
You feel very sick. The adder is struck by your spines.
You kill the adder!
An orc comes into view.
It is wielding a +0 hand axe and carrying a wand of iceblast (12).
The scorpion stings you.
You completely miss the scorpion.
The scorpion is severely wounded.
You feel sick. The scorpion barely misses you.
You hit the scorpion.
You kill the scorpion!
You feel sick.
The orc zaps a wand.
The mass of ice explodes!
The iceblast engulfs you.
You hear a shout!
You feel sick.
An orc comes into view. It is wielding a +0 dagger.
You feel sick.
The orc zaps a wand.
The mass of ice explodes!
The iceblast engulfs you!
* * * LOW HITPOINT WARNING * * *
A demonic guardian appears!
You are too injured to fight recklessly!
Unknown command.
You are too injured to fight recklessly!
You are too injured to fight recklessly!
You are too injured to fight recklessly!
You are too injured to fight recklessly!
An orc priest comes into view. It is wielding a +0 club.
You feel sick.
The orc priest shouts!
An orc wizard comes into view. It is wielding a +0 dagger.
The orc priest mumbles some strange prayers to Beogh against you.
Beogh smites you!
You die...

#. #####.# #.
#####...#.##
##.######.....#....###
.........######.<....
#.##....## ##.##..
##.†.4.#..######..#..
#....####...#...#.#..
#....##.#
###.....#.... ..## #@#
##....##.#. . #o#
##......## ...
#...##### ..... #...#
# ...o... #...#


oo....... ##### #.........# ########### You could see an orc priest, an orc
wizard, 2 orcs and a friendly rust devil (summoned).

Vanquished Creatures
  Menkaure (D:5)
  2 ice beasts (D:5)
  2 black bears (D:5)
  2 centaurs (D:5)
  4 ogres
  Blork the orc (D:5)
  A scorpion (D:6)
  A howler monkey (D:5)
  A jelly (D:4)
  3 orc priests
  2 gnoll shamans (D:6)
  A hound (D:5)
  A centaur skeleton (D:4)
  A scorpion zombie (D:5)
  3 iguanas
  An orc wizard (D:5)
  12 gnolls
  4 adders
  A howler monkey skeleton (D:5)
  2 shadow imps
  3 worms
  3 dart slugs
  9 orcs
  9 ball pythons
  9 bats
  8 endoplasms
  A giant cockroach (D:2)
  7 goblins
  5 hobgoblins
  8 jackals (D:2)
  5 quokkas
  5 frilled lizards
  7 kobolds
  6 rats
131 creatures vanquished.

Notes
Turn   | Place    | Note
-------+----------+-------------------------------------------
     0 | D:1      | DocClef the Demonspawn Gladiator began the quest for the
                  | Orb.
     0 | D:1      | Reached XP level 1. HP: 16/16 MP: 1/1
   124 | D:1      | Reached skill level 3 in Axes
   317 | D:1      | Gained mutation: You are partially covered in sharp spines.
                  | [demonic ancestry]
   317 | D:1      | Reached XP level 2. HP: 22/22 MP: 2/2
   767 | D:1      | You fall into a shaft and drop 1 floor!
  1233 | D:2      | Reached XP level 3. HP: 27/27 MP: 3/3
  1277 | D:2      | Reached skill level 4 in Axes
  1878 | D:2      | Reached XP level 4. HP: 33/33 MP: 4/4
  2428 | D:3      | Found Laxkiriz's Antique Weapon Emporium.
  2451 | D:3      | Found a faded altar of an unknown god.
  2590 | D:3      | Reached skill level 5 in Axes
  2797 | D:3      | Found a radiant altar of Vehumet.
  2798 | D:3      | Noticed a frost-covered statue
  2964 | D:4      | Noticed an ogre
  2972 | D:4      | Killed an ogre
  2973 | D:4      | Gained mutation: You have a pair of small horns on your
                  | head. [demonic ancestry]
  2973 | D:4      | Reached XP level 5. HP: 25/38 MP: 5/5
  3105 | D:4      | Reached skill level 6 in Axes
  3191 | D:4      | Gained mutation: A weak demonic guardian rushes to your
                  | aid. [demonic ancestry]
  3191 | D:4      | Reached XP level 6. HP: 39/44 MP: 6/6
  3658 | D:4      | Found a bloodstained altar of Trog.
  3690 | D:4      | Found an ornate altar of the Wu Jian Council.
  3737 | D:5      | Entered Level 5 of the Dungeon
  3757 | D:5      | Reached skill level 7 in Axes
  3881 | D:5      | Gained mutation: You have an unusually large brain. (Int
                  | +2) [demonic ancestry]
  3881 | D:5      | Reached XP level 7. HP: 45/50 MP: 7/7
  4004 | D:5      | Found a staircase to the Ecumenical Temple.
  4050 | D:5      | Found Nunitwyni's Weapon Emporium.
  4370 | D:5      | Noticed Blork the orc
  4375 | D:5      | Killed Blork the orc
  4376 | D:5      | Reached skill level 8 in Axes
  4780 | D:5      | Noticed Menkaure
  4787 | D:5      | Killed Menkaure
  4970 | D:5      | Reached skill level 9 in Axes
  4970 | D:5      | Gained mutation: A demonic guardian rushes to your aid.
                  | [demonic ancestry]
  4970 | D:5      | Reached XP level 8. HP: 56/56 MP: 8/8
  4989 | D:5      | Reached skill level 10 in Axes
  5514 | D:6      | Found an ancient bone altar of Kikubaaqudgha.
  5726 | D:6      | Killed from afar by an orc priest

Illustrated notes

Levels and vault maps discovered:
D:1:      amcnicky_arrival_gap_in_the_tavern_cellar, layout_basic, minivault_23
D:2:      minmay_spotlight, layout_loops_ring, nrook_mini_backslash,
          minmay_misc_feat_secret_circle, kennysheep_donut
D:3:      layout_basic, vehumet_statue, serial_shops, shop_fountains,
          basic_ecumenical_altar, grunt_ministairs_15
D:4:      layout_rooms, nicolae_overflow_hidden_temple
D:5:      layout_loops_cross, minmay_temple_entry_poolview, serial_shops,
          nicolae_shop_stone, minmay_manual_mail, uniq_blork_the_orc,
          uniq_menkaure
D:6:      layout_rooms, kiku_gazebo_pond_becter

Skill      XL: |  1  2  3  4  5  6  7  8 |
---------------+-------------------------+-----
Axes           | 3 4 5 6 7 9 10 | 10.8
Fighting       | |  2.0
Throwing       | |  1.7
Dodging        | |  2.6

Action                   |  1- 3 |  4- 6 |  7- 9 || total
-------------------------+-------+-------+-------++-------
Melee: War axe           |    97 |    72 |       ||   169
       Punch             |     3 |       |     4 ||     7
       Headbutt          |       |    10 |    14 ||    24
       Hand axe          |       |    11 |    92 ||   103
  Use: Potion            |       |     1 |       ||     1
Armor: Leather armour    |    13 |       |       ||    13
       Chain mail        |    37 |     4 |       ||    41
       Plate armour      |       |    39 |       ||    39
       Ring mail         |       |       |    33 ||    33
Dodge: Dodged            |    37 |    29 |    48 ||   114
